 Dungeon Crawl Stone Soup version 0.22.1-2-g9c5b331383 (webtiles) character file.

88327 Ihlosi the Fencer (level 16, -2/134 HPs)
             Began as a Human Gladiator on Nov 23, 2018.
             Was the Champion of the Shining One.
             Slain by an orc sorcerer
             ... wielding a +0 dagger
              (4 damage)
             ... while paralysed by an orc sorcerer
             ... on level 2 of the Orcish Mines.
             The game lasted 01:36:02 (26016 turns).

Ihlosi the Fencer (Human Gladiator)                Turns: 26016, Time: 01:36:03

Health: -2/134     AC: 19    Str: 23    XL:     16   Next: 40%
Magic:  24/24      EV:  2    Int: 10    God:    the Shining One [******]
Gold:   1796       SH:  0    Dex: 18    Spells: 18/19 levels left

rFire    . . .     SeeInvis .   a - +3 great sword (elec)
rCold    . . .     Gourm    .   (shield currently unavailable)
rNeg     + + +     Faith    .   V - +2 ring mail {rPois}
rPois    +         Spirit   .   c - +0 helmet
rElec    .         Reflect  .   w - +2 cloak
rCorr    .         Harm     .   D - +2 pair of gloves
MR       +....                  h - +1 pair of boots
Stlth    +.........             R - amulet of regeneration
HPRegen  0.72/turn              d - +2 ring of evasion
MPRegen  0.19/turn              S - +6 ring of strength

@: paralysed, lethally poisoned (-2 -> -5), glowing
A: no striking features
a: Divine Shield, Cleansing Flame, Summon Divine Warrior, Brand Weapon With Holy
Wrath, Renounce Religion


You were on level 2 of the Orcish Mines.
You worshipped the Shining One.
The Shining One was exalted by your worship.
You were not hungry.

You visited 4 branches of the dungeon, and saw 23 of its levels.
You also visited: Labyrinth.

You collected 2580 gold pieces.
You spent 784 gold pieces at shops.

Inventory:

Hand Weapons
 a - a +3 great sword of electrocution (weapon)
 b - a +2 scimitar of flaming
 y - a +0 arbalest
Missiles
 i - 131 bolts
Armour
 c - a +0 helmet (worn)
 h - a +1 pair of boots (worn)
 w - a +2 cloak (worn)
 D - a +2 pair of gloves (worn)
 Q - a scarf of cloud immunity
 V - a +2 ring mail of poison resistance (worn)
Jewellery
 d - a +2 ring of evasion (left hand)
 o - an uncursed ring of resist corrosion
 x - an uncursed ring of stealth
 C - the ring "Hotil" {*Tele rElec Dex+2}
   (You found it on level 6 of the Dungeon)

   [ring of teleportation]

   It may teleport you next to monsters.
   It affects your dexterity (+2).
   It insulates you from electricity.
 K - an uncursed ring of protection from cold
 R - an amulet of regeneration (around neck)
 S - a +6 ring of strength (right hand)
Wands
 l - a wand of digging (15)
 s - a wand of iceblast (13)
 u - a wand of polymorph (19)
 A - a wand of scattershot (4)
 B - a wand of clouds (6)
 G - a wand of flame (19)
Scrolls
 e - 9 scrolls of amnesia
 j - 5 scrolls of fog
 m - 6 scrolls of remove curse
 q - a scroll of magic mapping
 r - 3 scrolls of immolation
 z - 6 scrolls of identify
 J - 2 scrolls of enchant armour
 N - 4 scrolls of teleportation
 U - 3 scrolls of blinking
 W - a scroll of vulnerability
Potions
 g - 3 potions of flight
 k - a potion of might
 n - a potion of resistance
 t - 7 potions of lignification
 v - a potion of agility
 E - 6 potions of haste
 F - a potion of heal wounds
 H - 4 potions of curing
 M - a potion of magic
 O - 2 potions of mutation
Miscellaneous
 X - a lightning rod (4/4)
Comestibles
 f - 43 rations
 p - 3 chunks of flesh


   Skills:
 * Level 14.3 Fighting
 - Level 15.0 Long Blades
 * Level 4.5 Crossbows
 - Level 2.0 Throwing
 * Level 9.0 Armour
 * Level 10.3 Dodging
 - Level 1.0 Stealth
 * Level 2.3 Spellcasting
 * Level 2.5 Translocations
 * Level 11.0 Invocations
 - Level 6.0 Evocations


You had 18 spell levels left.
You knew the following spells:

 Your Spells              Type           Power        Failure   Level  Hunger
a - Apportation           Tloc           #.....       16%         1    ##.....

Your spell library contained the following spells:

 Spells                   Type           Power        Failure   Level  Hunger
 Animate Skeleton         Necr           N/A          41%         1    ##.....
 Confusing Touch          Hex            #.....       41%         1    ##.....
 Corona                   Hex            #......      41%         1    ##.....
 Magic Dart               Conj           #...         41%         1    ##.....
 Summon Small Mammal      Summ           #...         41%         1    ##.....
 Gell's Gravitas          Tloc           #.........   43%         3    ####...
 Searing Ray              Conj           #.....       54%         2    ###....
 Slow                     Hex            #.......     54%         2    ###....
 Portal Projectile        Hex/Tloc       #.....       61%         3    ####...
 Confuse                  Hex            #.......     78%         3    ####...
 Dazzling Spray           Conj/Hex       #.....       78%         3    ####...
 Inner Flame              Hex/Fire       #.......     78%         3    ####...
 Force Lance              Conj/Tloc      #.......     95%         4    #####..
 Cause Fear               Hex            #.........   99%         4    #####..
 Fulminant Prism          Conj/Hex       #.........   99%         4    #####..
 Iskenderun's Mystic Bla  Conj           #.......     99%         4    #####..
 Leda's Liquefaction      Hex/Erth       #.........   99%         4    #####..
 Petrify                  Tmut/Erth      #.......     99%         4    #####..
 Bolt of Magma            Conj/Fire/Erth #.........   100%        5    ######.
 Iskenderun's Battlesphe  Conj/Chrm      #.......     100%        5    ######.
 Metabolic Englaciation   Hex/Ice        #.........   100%        5    ######.
 Venom Bolt               Conj/Pois      #.........   100%        5    ######.
 Yara's Violent Unravell  Hex/Tmut       #.........   100%        5    ######.
 Iron Shot                Conj/Erth      #.........   100%        6    #######
 Poison Arrow             Conj/Pois      #.........   100%        6    #######
 Orb of Destruction       Conj           #.........   100%        7    #######
 Spellforged Servitor     Conj/Summ      #.........   100%        7    #######
 Chain Lightning          Conj/Air       #.........   100%        8    #######
 Lehudib's Crystal Spear  Conj/Erth      #.........   100%        8    #######
 Fire Storm               Conj/Fire      #.........   100%        9    #######
 Glaciate                 Conj/Ice       #.........   100%        9    #######


Dungeon Overview and Level Annotations

Branches:
Dungeon (14/15)            Temple (1/1) D:6            Lair (6/6) D:9
 Shoals (0/4) Lair:3       Spider (0/4) Lair:3        Slime (0/5) Lair:5
    Orc (2/2) D:10            Elf (0/3) Orc:2        Vaults (0/5) D:13

Altars:
Ashenzari
Cheibriados
Dithmenos
Elyvilon
Fedhas
Gozag
Hepliaklqana
Kikubaaqudgha
Makhleb
Nemelex Xobeh
Okawaru
Qazlal
Ru
Sif Muna
Trog
Uskayaw
Vehumet
Wu Jian
Xom
Yredelemnul
Zin
The Shining One

Shops:
D:4 (   D:5 [   Orc:1 :

Annotations:
D:8 Treasure, need digging


Message History

The warg bites you!
* * * LOW HITPOINT WARNING * * *
The orc sorcerer gestures at you while chanting.
The bolt of negative energy hits you! You resist. The chaos spawn hits you!
* * * LOW HITPOINT WARNING * * *
The chaos spawn shocks you!
* * * LOW HITPOINT WARNING * * *
You feel sick.
The orc warrior hits you with a mace of venom!
* * * LOW HITPOINT WARNING * * *
The warg bites you!
* * * LOW HITPOINT WARNING * * *
The orc sorcerer points at you and mumbles some strange words.
Helpless, you fail to dodge the bolt of negative energy.
You resist. The chaos spawn completely misses you.
* * * LOW HITPOINT WARNING * * *
You feel sick. The warg barely misses you.
The orc warrior hits you but does no damage.
The orc sorcerer hits you with a dagger.
You die...

*,,,,,,,,,,,,,**,#..........#...#
,,,,,,,∩,..PP***##........)..####
,,,,,,,,,....#*##.#.#.........# #
,,,,,,,8,.....*#..............# #
,,,,,,,,,.P....*#............##
,,,,,,,,,......,*#.#....))...#
,,,,,,,,,......###)......)#).####
,,,,,,,,,......h#4...#....))..#..
,,,,,,,,,......o@(.#.#...<#).....
,,,,,,,,,.......o.....#.###...#..
,,,,,,,,,............#### ##..##.
,,,,,,,,,...........## #.....
,,,,,,,,,............# ##....
,,,,,,,,,...........## ##..#
,,,,,,,,,............## ####
,,,,,,,,,.............#
,,,,,,,,,.........##.##


You could see a chaos spawn, a warg, an orc sorcerer and an orc warrior.

Vanquished Creatures
  A dire elephant (Lair:4)
  A minotaur (Lab)
  Snorg (D:10)
  A fire dragon (Lair:6)
  2 vault guards (D:13)
  9 hydras
  2 catoblepae
  Fannar (D:10)
  5 two-headed ogres
  5 centaur warriors
  Erica (Lair:1)
  3 death yaks (Lair:6)
  A deep elf knight (D:13)
  5 skeletal warriors
  4 unseen horrors
  A swamp dragon (Lair:6)
  3 lindwurms (Lair:6)
  2 necromancers (D:13)
  A wizard (D:9)
  A deep elf mage (D:14)
  An orb spider (Lair:1)
  2 manticores (D:14)
  5 orc sorcerers
  2 cyclopes
  14 elephants
  4 centaur zombies
  A merfolk siren (Lair:3)
  5 black mambas
  2 torpor snails
  A gargoyle (D:13)
  11 spiny frogs
  A yaktaur (D:13)
  A kobold demonologist (D:13)
  14 rime drakes
  3 komodo dragons
  2 demonic crawlers (D:14)
  5 large abominations (D:9)
  A hornet (D:12)
  5 trolls
  A polar bear (Lair:1)
  15 hippogriffs
  7 small abominations
  4 blink frogs (Lair:6)
  15 dream sheep
  A vampire (D:13)
  2 shadows
  4 water elementals (D:10)
  19 humans (D:13)
  30 yaks
  8 wyverns
  4 hungry ghosts
  A steam dragon (D:10)
  Grum (D:11)
  8 basilisks
  7 vampire mosquitoes
  7 wargs
  Edmund (D:6)
  A hell hound (Lair:5)
  A floating eye (D:12)
  4 acid dragons (Lair:6)
  12 water moccasins
  A porcupine (Lair:1)
  15 orc warriors
  2 swamp drakes (Lair:6)
  7 sky beasts
  3 black bears
  A hornet zombie (D:11)
  5 ice beasts
  An eye of draining (D:13)
  4 phantoms
  4 necrophages
  16 ogres
  2 wolves (D:11)
  18 centaurs
  7 crocodiles
  4 big kobolds
  14 bullfrogs
  2 wyvern zombies (D:12)
  A wyvern skeleton (D:14)
  8 scorpions
  5 killer bees (D:10)
  10 wights
  9 crimson imps
  9 jellies
  A bullfrog skeleton (D:10)
  3 quasits
  13 orc priests
  8 hounds
  10 orc wizards
  3 centaur skeletons
  Jessica (D:3)
  4 iguanas
  Ijyb (D:3)
  A hell rat (Lair:6)
  15 worker ants
  3 gnolls (D:9)
  6 worker ant zombies
  21 adders
  4 shadow imps
  2 oozes
  3 worms
  3 dart slugs
  5 leopard geckos
  53 orcs
  9 bats
  7 giant cockroaches
  8 goblins
  5 hobgoblins
  6 jackals
  2 quokkas
  2 ball pythons (D:1)
  11 frilled lizards
  6 kobolds (D:2)
  2 leopard gecko zombies
  9 rats
  A butterfly (Lair:1)
  A fungus (Lair:3)
660 creatures vanquished.

Vanquished Creatures (others)
  A wyvern (Lair:5)
  An orc warrior (Orc:2)
  An iguana (Lair:6)
  A bush (Lair:5)
  20 fungi
  10 plants
34 creatures vanquished.

Grand Total: 694 creatures vanquished

Notes
Turn   | Place    | Note
-------+----------+-------------------------------------------
     0 | D:1      | Ihlosi the Human Gladiator began the quest for the Orb.
     0 | D:1      | Reached XP level 1. HP: 16/16 MP: 1/1
   384 | D:1      | Reached XP level 2. HP: 19/22 MP: 2/2
   943 | D:2      | Reached XP level 3. HP: 27/27 MP: 3/3
  1362 | D:2      | Reached skill level 1 in Stealth
  1379 | D:2      | Found a sparkling altar of Nemelex Xobeh.
  1614 | D:2      | Reached skill level 1 in Armour
  1614 | D:2      | Reached XP level 4. HP: 19/34 MP: 4/4
  2128 | D:3      | Noticed Ijyb
  2145 | D:3      | Killed Ijyb
  2145 | D:3      | Reached skill level 4 in Long Blades
  2193 | D:3      | Reached XP level 5. HP: 37/39 MP: 5/5
  2229 | D:3      | Noticed Jessica
  2233 | D:3      | Noticed an ogre
  2236 | D:3      | Killed Jessica
  2372 | D:3      | Killed an ogre
  2372 | D:3      | Reached skill level 1 in Evocations
  2372 | D:3      | Reached XP level 6. HP: 47/47 MP: 6/6
  2549 | D:3      | Noticed a phantom
  2593 | D:4      | Found Ozaxiduh's Antique Weapon Boutique.
  2651 | D:4      | Noticed a phantom
  3089 | D:3      | Reached XP level 7. HP: 52/52 MP: 8/8
  3094 | D:3      | Reached skill level 5 in Long Blades
  3441 | D:5      | Entered Level 5 of the Dungeon
  4616 | D:5      | Reached XP level 8. HP: 60/60 MP: 9/9
  4667 | D:5      | Reached skill level 6 in Long Blades
  4865 | D:5      | Reached skill level 5 in Fighting
  5195 | D:5      | Found Mel Load's Antique Armour Shop.
  6046 | D:5      | Found an ornate altar of the Wu Jian Council.
  6147 | D:5      | Reached XP level 9. HP: 69/69 MP: 11/11
  6456 | D:6      | Found a staircase to the Ecumenical Temple.
  6464 | Temple   | Entered the Ecumenical Temple
  6606 | Temple   | Became a worshipper of the Shining One
  6689 | D:6      | Got a scintillating silver ring
  6691 | D:6      | Identified the ring "Hotil" {*Tele rElec Dex+2} (You found
                  | it on level 6 of the Dungeon)
  6715 | D:6      | Reached skill level 7 in Long Blades
  6715 | D:6      | Reached skill level 1 in Invocations
  7426 | D:6      | Noticed Edmund
  7430 | D:6      | Killed Edmund
  8291 | D:7      | Found a hazy altar of Hepliaklqana.
  8291 | D:7      | Found a sacrificial altar of Ru.
  8360 | D:7      | Reached skill level 5 in Dodging
  8737 | D:7      | Reached * piety under the Shining One
  8969 | D:8      | Reached skill level 8 in Long Blades
  8969 | D:8      | Reached XP level 10. HP: 75/77 MP: 13/13
  9358 | D:9      | Reached skill level 5 in Evocations
  9410 | D:8      | Reached skill level 5 in Armour
  9428 | D:8      | Found an ancient bone altar of Kikubaaqudgha.
  9649 | D:8      | Reached ** piety under the Shining One
  9695 | D:8      | Found a deep blue altar of Sif Muna.
  9704 | D:8      | Found an ancient bone altar of Kikubaaqudgha.
  9713 | D:8      | Found a radiant altar of Vehumet.
  9754 | D:8      | Noticed a death knight
  9755 | D:8      | Noticed a komodo dragon
  9765 | D:8      | Noticed a deep elf mage
  9773 | D:8      | Reached skill level 9 in Long Blades
 10015 | D:8      | Noticed a two-headed hydra
 10022 | D:8      | Killed a one-headed hydra
 10022 | D:8      | Reached XP level 11. HP: 83/86 MP: 15/15
 10304 | D:9      | Reached skill level 5 in Invocations
 10328 | D:9      | Found a staircase to the Lair.
 10577 | D:9      | Noticed a wizard
 10587 | D:9      | Killed a wizard
 10641 | D:9      | Reached *** piety under the Shining One
 10682 | D:10     | Entered Level 10 of the Dungeon
 10756 | D:10     | Found a staircase to the Orcish Mines.
 10997 | D:10     | Noticed Snorg
 11009 | D:10     | Killed Snorg
 11012 | D:10     | Reached skill level 10 in Fighting
 11251 | D:10     | Noticed Fannar
 11251 | D:10     | Reached **** piety under the Shining One
 11705 | D:9      | Got a polished scale mail
 11721 | D:9      | Identified the cursed +0 scale mail of the Mind {+Fly} (You
                  | found it on level 9 of the Dungeon)
 12061 | D:10     | Killed Fannar
 12061 | D:10     | Reached XP level 12. HP: 84/98 MP: 16/16
 12261 | D:10     | Noticed an unseen horror
 12266 | D:10     | Killed an unseen horror
 12432 | D:11     | Noticed a four-headed hydra
 12560 | Lair:1   | Entered Level 1 of the Lair of Beasts
 12618 | Lair:1   | Reached skill level 10 in Long Blades
 12900 | Lair:1   | Noticed Erica
 12910 | Lair:1   | Killed Erica
 13064 | Lair:1   | Noticed Sonja
 13065 | Lair:1   | Noticed Sonja
 13065 | Lair:1   | Sonja changed into Sonja the orb spider
 13075 | Lair:1   | Killed Sonja the orb spider
 13450 | D:5      | Bought an opal-encrusted plate armour for 784 gold pieces
 13460 | D:5      | Identified the cursed +0 plate armour "Gasser" {+Fly rF+
                  | Int+4} (You bought it in a shop on level 5 of the Dungeon)
 13856 | Lair:2   | Noticed an eight-headed hydra
 13869 | Lair:2   | Killed a one-headed hydra
 13869 | Lair:2   | Reached skill level 11 in Long Blades
 14257 | Lair:2   | Identified a scroll of acquirement
 14413 | Lair:3   | Found a hole to the Spider Nest.
 14749 | Lair:3   | Noticed a six-headed hydra
 14757 | Lair:3   | Killed a two-headed hydra
 14757 | Lair:3   | Reached XP level 13. HP: 80/106 MP: 18/18
 14954 | Lair:3   | Found a staircase to the Shoals.
 15259 | Lair:4   | Noticed a dire elephant
 15514 | Lair:4   | Noticed a five-headed hydra
 15548 | Lair:4   | Killed a one-headed hydra
 15749 | Lair:4   | HP: 1/107 [dire elephant (66)]
 16051 | D:11     | Got a steaming shortbow
 16071 | D:11     | Noticed Grum
 16076 | D:11     | Killed Grum
 16083 | D:11     | Reached skill level 12 in Long Blades
 16237 | D:11     | Reached ***** piety under the Shining One
 16592 | D:11     | Killed a one-headed hydra
 16752 | D:12     | Found a labyrinth entrance.
 16760 | D:12     | Reached XP level 14. HP: 99/115 MP: 20/20
 16768 | Lab      | Entered a labyrinth
 17049 | Lab      | Noticed a minotaur
 17058 | Lab      | Killed a minotaur
 17067 | Lab      | Identified the cursed +2 shortbow of the Forgotten Wishes
                  | {venom, rC+ rN+ MR+++ Stlth-} (You found it on level 11 of
                  | the Dungeon)
 17280 | D:12     | Paralysed by a floating eye for 2 turns
 17611 | D:12     | Got an ancient crystal plate armour
 17612 | D:12     | Identified the +4 crystal plate armour of Wariness {*Contam
                  | +Fly rN+ Dex+6} (You acquired it on level 12 of the
                  | Dungeon)
 17738 | D:12     | Reached skill level 13 in Long Blades
 18576 | D:13     | Got an iridescent morningstar
 18580 | D:13     | Identified the +5 morningstar of Quostrux {crush, *Slow
                  | +Rage rN+} (You found it on level 13 of the Dungeon)
 18593 | D:13     | Found a radiant altar of Vehumet.
 19159 | D:13     | Found a gate to the Vaults.
 19191 | D:13     | Reached skill level 10 in Invocations
 19347 | D:13     | Reached XP level 15. HP: 114/123 MP: 22/22
 19562 | D:14     | Reached skill level 14 in Long Blades
 19851 | D:14     | Reached ****** piety under the Shining One
 19851 | D:14     | Reached skill level 1 in Crossbows
 21424 | Lair:5   | Found a staircase to the Slime Pits.
 22853 | Lair:6   | Entered Level 6 of the Lair of Beasts
 22936 | Lair:6   | Learned a level 1 spell: Apportation
 23373 | Lair:5   | Got an encrusted hat
 23374 | Lair:5   | Identified the +0 hat of Enanut {rF+} (You acquired it on
                  | level 5 of the Lair of Beasts)
 23420 | Lair:6   | Reached skill level 1 in Translocations
 23595 | Lair:6   | Reached skill level 1 in Spellcasting
 23697 | Lair:6   | Reached skill level 10 in Dodging
 23703 | Lair:6   | Reached XP level 16. HP: 81/132 MP: 24/24
 23892 | Lair:6   | Reached skill level 15 in Long Blades
 25057 | Orc:1    | Entered Level 1 of the Orcish Mines
 25301 | Orc:1    | Found Baem's Book Boutique.
 25380 | Orc:1    | Paralysed by an orc sorcerer for 6 turns
 25698 | Orc:2    | Entered Level 2 of the Orcish Mines
 25999 | Orc:2    | Paralysed by an orc sorcerer for 5 turns
 26012 | Orc:2    | Paralysed by an orc sorcerer for 6 turns
 26015 | Orc:2    | HP: 2/134 [warg (8)]
 26016 | Orc:2    | Slain by an orc sorcerer

Skill      XL: |  1  2  3  4  5  6  7  8  9 10 11 12 13 14 15 16 |
---------------+-------------------------------------------------+-----
Stealth        | 1 |  1.0
Armour         | 1 2 3 4 5 6 7 8 9 |  9.0
Long Blades    | 4 5 6 8 9 11 12 13 14 15 | 15.0
Fighting       | 3 4 5 6 8 10 11 12 13 14 | 14.3
Evocations     | 1 2 3 4 5 6 |  6.0
Dodging        | 4 5 6 7 8 9 10 | 10.3
Invocations    | 2 4 6 7 8 10 11 | 11.0
Crossbows      | 3 4 |  4.5
Translocations | 1 2 |  2.5
Spellcasting   | 1 2 |  2.3
Throwing       | |  2.0

Action                   |  1- 3 |  4- 6 |  7- 9 | 10-12 | 13-15 | 16-18 || total
-------------------------+-------+-------+-------+-------+-------+-------++-------
Melee: Long sword        |   105 |   111 |   207 |       |       |       ||   423
       Scimitar          |       |       |   140 |    59 |    19 |    10 ||   228
       Falchion          |       |       |       |    68 |       |       ||    68
       Great sword       |       |       |       |   349 |   677 |   156 ||  1182
Throw: Javelin           |       |    14 |     6 |     1 |       |       ||    21
       Throwing net      |       |     4 |       |       |       |       ||     4
       Tomahawk          |       |       |     4 |       |       |       ||     4
Invok: Cleansing Flame   |       |       |       |       |     7 |       ||     7
Evoke: Wand              |       |     1 |    14 |    22 |     2 |       ||    39
  Use: Potion            |     2 |     2 |     6 |     5 |     7 |     1 ||    23
       Scroll            |       |     4 |    17 |     8 |    20 |     2 ||    51
 Stab: Sleeping          |       |     2 |     1 |       |       |       ||     3
       Held in net/web   |       |     2 |       |       |       |       ||     2
       Distracted        |       |       |     1 |       |       |       ||     1
  Eat: Chunk             |     2 |     5 |    15 |    13 |    20 |     4 ||    59
       Ration            |       |       |     1 |     3 |     4 |     1 ||     9
Armor: Leather armour    |    44 |    26 |    72 |   118 |   151 |       ||   411
       Skin              |       |    12 |     9 |       |       |       ||    21
       Scale mail        |       |       |       |    28 |       |       ||    28
       Ring mail         |       |       |       |       |   137 |    62 ||   199
Dodge: Dodged            |   108 |    60 |   250 |   400 |   731 |   190 ||  1739
       Rpst.: Long sword |    31 |    22 |    45 |       |       |       ||    98
       Scimitar          |       |       |    30 |     6 |     1 |       ||    37
       Falchion          |       |       |       |    14 |       |       ||    14
       Great sword       |       |       |       |    77 |   150 |    38 ||   265
